 Dungeon Crawl Stone Soup version 0.21-a0-238-geb0acef (webtiles) character file.

141 JackS81 the Poker (level 5, -6/42 HPs)
             Began as a Gnoll Monk on Sept 2, 2017.
             Killed from afar by Natasha (7 damage)
             ... with a magic dart
             ... on level 2 of the Dungeon.
             The game lasted 00:08:33 (1985 turns).

JackS81 the Poker (Gnoll Monk)                      Turns: 1985, Time: 00:08:34

Health: -6/42      AC:  2    Str:  7    XL:     5   Next: 24%
Magic:  5/5        EV: 13    Int:  7    God:
Gold:   103        SH:  0    Dex:  7    Spells: 4/4 levels left

rFire    . . .     SeeInvis .   a - +0 spear
rCold    . . .     Gourm    .   (no shield)
rNeg     . . .     Faith    .   b - +0 robe
rPois    .         Spirit   .   (no helmet)
rElec    .         Reflect  .   (no cloak)
rCorr    .         Harm     .   (no gloves)
MR       .....                  (no boots)
Stlth    ++........             (no amulet)
HPRegen  0.14/turn              (no ring)
MPRegen  0.09/turn              (no ring)

@: no status effects
A: unchanging attributes, fangs 1, strong nose
a: no special abilities


You were on level 2 of the Dungeon.
You were not hungry.

You visited 1 branch of the dungeon, and saw 2 of its levels.

You collected 103 gold pieces.

Inventory:

Hand Weapons
 a - a +0 spear (weapon)
Missiles
 m - 86 stones (quivered)
Armour
 b - a +0 robe (worn)
 r - a cursed +0 buckler
Wands
 q - a wand of acid (8/15)
Scrolls
 d - 3 scrolls of teleportation {unknown}
 g - a scroll of amnesia {unknown}
 h - 2 scrolls of remove curse {unknown}
 i - a scroll of fear {unknown}
 k - a scroll of immolation {unknown}
 l - a scroll of recharging {unknown}
 s - a scroll of blinking {unknown}
Potions
 e - a potion of magic
 p - a potion of brilliance {unknown}
Comestibles
 c - a bread ration
 f - 5 chunks of flesh
 j - a royal jelly
 n - 3 fruits
 o - a meat ration


   Skills:
 - Level 4.0 Fighting
 * Level 7.0 Polearms
 + Level 4.9 Dodging
 - Level 2.4 Stealth


You had 4 spell levels left.
You didn't know any spells.

Dungeon Overview and Level Annotations

Branches:
Dungeon (2/15)

Altars:

Annotations:
D:2 Natasha


Innate Abilities, Weirdness & Mutations

Your physical attributes are unchanging.
You have very sharp teeth.
Your uncanny sense of smell can sniff out nearby items.


Message History

Natasha closely misses you.
The crimson imp blinks!
You hit Natasha but do no damage.
Natasha is heavily wounded.
Natasha closely misses you.
You barely miss Natasha.
Natasha is heavily wounded.
Natasha barely misses you.
You hit Natasha but do no damage.
Natasha is heavily wounded.
Some of the chunks of flesh in your inventory have rotted away.
You hit Natasha but do no damage.
Natasha is heavily wounded.
Natasha claws you!
* * * LOW HITPOINT WARNING * * *
The crimson imp blinks!
You hit Natasha but do no damage.
Natasha is heavily wounded.
Natasha casts a spell at you. The magic dart hits you!
You die...

♣♣♣..♣♣♣..♣♣♣♣♣♣♣.
♣♣♣....♣♣ ♣♣♣♣♣♣ ##
##################.#####
.......................
..............#... ..
#.#####.......#.##.#.#..
#.#####..# #.†.@h......
......#..# #.#.####.#..
....#.#..####.#.####
#.###.#..............
#.# #.#..####.....###
#.# #.#.....#.#.###
#.###.#..####.#...
#[.......# #.#§###
#####.#.#####.# #


You could see Natasha.

Vanquished Creatures
  Jessica (D:2)
  Natasha (D:2)
  4 adders (D:2)
  A worm (D:2)
  2 dart slugs (D:1)
  4 leopard geckos
  A ball python (D:1)
  4 giant cockroaches
  5 goblins
  8 hobgoblins
  3 bats
  3 frilled lizards
  7 kobolds
  3 rats
47 creatures vanquished.

Notes
Turn   | Place    | Note
-------+----------+-------------------------------------------
     0 | D:1      | JackS81 the Gnoll Monk began the quest for the Orb.
     0 | D:1      | Reached XP level 1. HP: 19/19 MP: 1/1
   179 | D:1      | Reached XP level 2. HP: 23/25 MP: 2/2
   622 | D:1      | Reached skill level 5 in Polearms
   669 | D:1      | Reached XP level 3. HP: 13/30 MP: 3/3
  1127 | D:2      | Noticed Natasha
  1173 | D:2      | Killed Natasha
  1173 | D:2      | Reached skill level 6 in Polearms
  1173 | D:2      | Reached XP level 4. HP: 21/37 MP: 4/4
  1428 | D:2      | Noticed Jessica
  1465 | D:2      | Killed Jessica
  1689 | D:2      | Reached XP level 5. HP: 36/42 MP: 5/5
  1963 | D:2      | Reached skill level 7 in Polearms
  1964 | D:2      | Noticed Natasha
  1984 | D:2      | HP: 1/42 [Natasha (8)]
  1985 | D:2      | Killed from afar by Natasha

Vault maps used:
D:1:      dpeg_arrival_water_temple_mockup
D:2:      kb_forest_paths, uniq_jessica, uniq_natasha

Skill      XL: |  1  2  3  4  5 |
---------------+----------------+-----
Polearms       | 5 6 7 |  7.0
Fighting       | |  4.0
Dodging        | |  4.9
Stealth        | |  2.4

Action                   |  1- 3 |  4- 6 || total
-------------------------+-------+-------++-------
Melee: Spear             |   158 |   168 ||   326
       Bite              |     7 |    11 ||    18
Throw: Stone             |       |     5 ||     5
  Use: Potion            |       |     5 ||     5
 Stab: Sleeping          |     3 |     2 ||     5
  Eat: Chunk             |     1 |     3 ||     4
Armor: Robe              |    12 |     7 ||    19
Dodge: Dodged            |    60 |    91 ||   151

Table legend:
 A = Spawn XP
 B = Non-spawn XP
 C = Spawn XP percentage of total XP
 D = Spawn monster count
 E = Non-spawn monster count
 F = Spawn count percentage of total count
 G = Total turns spent on level
                    A         B        C        D         E        F      G
               +---------+---------+-------+---------+---------+-------+---------
         Total |      24 |     178 |  11.9 |       6 |      41 |  12.8 |  1985
               +---------+---------+-------+---------+---------+-------+---------
           D:1 |       6 |      42 |  12.5 |       2 |      22 |   8.3 |  1091
           D:2 |      18 |     136 |  11.7 |       4 |      19 |  17.4 |   894
               +---------+---------+-------+---------+---------+-------+---------
